 Dungeon Crawl Stone Soup version 0.31-a0-165-g3f4f80340b (webtiles) character file.

Game seed: 12932240419969632284

619 qw the Chopper (level 7, -3/43 HPs)
             Began as a Gargoyle Fighter on June 13, 2023.
             Slain by Edmund
             ... wielding a +1 flail of distortion
              (13 damage)
             ... on level 5 of the Dungeon.
             The game lasted 00:01:49 (3513 turns).

qw the Chopper (Gargoyle Fighter)                   Turns: 3513, Time: 00:01:49

Health: -3/43      AC: 23    Str: 21    XL:     7   Next: 46%
Magic:  7/7        EV:  3    Int:  9    God:
Gold:   188        SH:  4    Dex:  9    Spells: 6/6 levels left

rFire   + . .        Y - +0 war axe
rCold   + . .        c - +0 buckler
rNeg    + . .        m - +0 gold dragon scales
rPois   inf          q - +0 helmet
rElec   +            e - +0 cloak
rCorr   .            a - +0 pair of gloves
SInv    .            (no boots)
Will    .....        (no amulet) Stlth
                     (no ring)
HPRegen 0.27/turn    (no ring)
MPRegen 0.10/turn

%: no passive effects
@: no status effects
A: sickness immunity, AC +4, negative energy resistance 1, electricity
resistance, torment resistance 1, petrification resistance
a: no special abilities


You were on level 5 of the Dungeon.
You visited 1 branch of the dungeon, and saw 5 of its levels.

You collected 188 gold pieces.


Innate Abilities, Weirdness & Mutations

You are immune to sickness and miasma.
Your stone body is resilient. (AC +4)
You are immune to poison.
You resist negative energy. (rN+)
You are resistant to electric shocks. (rElec)
You are resistant to unholy torment.
You are immune to petrification.


   Skills:
 - Level 4.0 Fighting
 + Level 6.3 Axes
 - Level 5.0 Armour
 - Level 3.2 Shields


You had 6 spell levels left.
You didn't know any spells.
Your spell library was empty.

Inventory:

Hand Weapons
 g - a +0 morningstar
 Y - a +0 war axe (weapon)
Missiles
 l - 8 boomerangs (quivered)
Armour
 a - a +0 pair of gloves (worn)
 c - a +0 buckler (worn)
 e - a +0 cloak (worn)
 m - +0 gold dragon scales (worn)
 q - a +0 helmet (worn)
Scrolls
 b - a scroll of identify
 f - a scroll of amnesia {unknown}
 k - 3 scrolls of teleportation
Potions
 d - 2 potions of might
 h - a potion of cancellation {unknown}
 i - a potion of curing
 j - a potion of brilliance {unknown}
 n - a potion of attraction {unknown}
 o - a potion of mutation {unknown}
 p - a potion of invisibility {unknown}
 r - a potion of heal wounds {unknown}

Dungeon Overview and Level Annotations

Branches:
Dungeon (5/15)
 Temple: D:4-7

Altars:
Gozag
Yredelemnul

Annotations:
D:4 1 runed translucent door, qw's ghost, amateur GrFi
D:5 Edmund


Message History

You kill the orc wizard!
You start resting.
You hear the brisk rusting of a very distant drain.
HP restored.
l - 8 boomerangs (gained 3)
Things that are here:
a +0 mace; a +0 robe; an orc corpse
Things that are here:
a +0 dagger; a +0 leather armour; an orc corpse
Found 9 stones.
Enter note:
Enter note:
Found a stone staircase leading up.
Enter note:
Enter note:
Enter note: Edmund the Younger comes into view.
He is wielding a +1 flail of distortion.
Edmund shouts!
Enter note:
Enter note:
Enter note: You throw a boomerang.
The boomerang hits Edmund but does no damage.
You closely miss Edmund.
Edmund hits you with a +1 flail of distortion.
Space warps horribly around you!
You completely miss Edmund.
Edmund says, "Everyone always remembers my brother. 'Who's Edmund?' they ask!"
Edmund hits you but does no damage. Space warps around you.
You barely miss Edmund. Edmund hits you but does no damage.
You slash Edmund!
Edmund is moderately wounded.
You block Edmund's attack. Edmund hits you but does no damage.
Space warps around you.
You hit Edmund.
Edmund is heavily wounded.
Edmund hits you with a +1 flail of distortion.
Space warps horribly around you!
You die...

## #### ## .####..
.# ...##.# .#
.#.##.# .# ......#
.# ......### ####@#
.#.#...(## #..@.#
.........#####.####
...............#
......########.#
.##.#.# #.# . #<#.#
#.# . #.#.. ..#
#.### #.# #.#


You could see Edmund.

Vanquished Creatures
  Menkaure (D:4)
  A phantom (D:4)
  A scorpion (D:4)
  A hound (D:4)
  An orc priest (D:5)
  2 iguanas (D:4)
  2 orc wizards (D:5)
  8 adders
  A shadow imp (D:5)
  2 white imps
  4 worms
  16 orcs
  7 bats
  3 endoplasms
  5 giant cockroaches
  9 goblins
  5 hobgoblins
  2 jackals (D:1)
  4 quokkas
  4 ball pythons
  2 frilled lizards
  8 kobolds
89 creatures vanquished.

Notes
Turn   | Place    | Note
-------+----------+-------------------------------------------
     0 | D:1      | qw the Gargoyle Fighter began the quest for the Orb.
     0 | D:1      | Reached XP level 1. HP: 14/14 MP: 1/1
     0 | D:1      | 0 ||| qw: Version: 0.2-a-29-gc1b59c4
     0 | D:1      | 0 ||| qw: Game counter: 4807
     0 | D:1      | 0 ||| qw: Always use a shield: true
     0 | D:1      | 0 ||| qw: God list: Okawaru
     0 | D:1      | 0 ||| qw: Allow faded altars: false
     0 | D:1      | 0 ||| qw: Do Orc after D:15 true
     0 | D:1      | 0 ||| qw: Do second Lair branch before Depths: true
     0 | D:1      | 0 ||| qw: Lair rune preference: random
     0 | D:1      | 0 ||| qw: Plans: Normal, Zot:1-4, Slime:5, God:TSO, Crypt,
                  | Tomb, Abyss, Pan, Hells, Win
     0 | D:1      | 0 ||| PLANNING D:1-11
    53 | D:1      | Reached skill level 2 in Axes
   120 | D:1      | Reached XP level 2. HP: 18/19 MP: 2/2
   464 | D:1      | 464 ||| Stepping ~*~*~tactically~*~*~ (hiding).
   465 | D:1      | 465 ||| Stepping ~*~*~tactically~*~*~ (hiding).
   769 | D:1      | 769 ||| UPGRADING to +0 cloak.
   774 | D:1      | 774 ||| READING scroll labelled YNUZIDWUOFO.
   775 | D:1      | 775 ||| READING scroll labelled AQITZU LILEEF.
   776 | D:1      | 776 ||| READING scroll labelled SUSOCI VOYMA.
   834 | D:2      | Reached skill level 3 in Axes
   834 | D:2      | Reached XP level 3. HP: 23/23 MP: 3/3
  1175 | D:2      | Identified the +3 short sword "Modwogej" {freeze, rElec
                  | rPois Int+6 Dex-5}
  1600 | D:2      | 1600 ||| READING scroll labelled ANISOD VARGHIGIH.
  1601 | D:2      | 1601 ||| READING scroll labelled AWOCAO KITUAMIA.
  1615 | D:2      | 1615 ||| DRINKING 2 dark potions.
  1677 | D:3      | Reached XP level 4. HP: 28/28 MP: 4/4
  1699 | D:3      | Reached skill level 4 in Axes
  1724 | D:3      | 1724 ||| Stepping ~*~*~tactically~*~*~ (stealth).
  1725 | D:3      | 1725 ||| Stepping ~*~*~tactically~*~*~ (stealth).
  1727 | D:3      | 1727 ||| Stepping ~*~*~tactically~*~*~ (stealth).
  1893 | D:3      | 1893 ||| Stepping ~*~*~tactically~*~*~ (stealth).
  1902 | D:3      | 1902 ||| Stepping ~*~*~tactically~*~*~ (stealth).
  2130 | D:3      | 2130 ||| UPGRADING to +0 pair of gloves.
  2135 | D:3      | 2135 ||| UPGRADING to +0 plate armour.
  2145 | D:3      | 2145 ||| DROPPING +0 scale mail.
  2146 | D:3      | 2146 ||| READING scroll labelled XYUMOPSE JUACK.
  2147 | D:3      | 2147 ||| READING scroll labelled ONEFEZY LUOC.
  2148 | D:3      | 2148 ||| READING scroll labelled TUWKIM YGUINOINK.
  2228 | D:4      | Reached XP level 5. HP: 32/32 MP: 5/5
  2253 | D:4      | Reached skill level 5 in Axes
  2279 | D:4      | 2279 ||| Stepping ~*~*~tactically~*~*~ (stealth).
  2285 | D:4      | Reached XP level 6. HP: 38/38 MP: 6/6
  2318 | D:4      | Found an opulent altar of Gozag.
  2320 | D:4      | 2320 ||| Stepping ~*~*~tactically~*~*~ (stealth).
  2322 | D:4      | 2322 ||| Stepping ~*~*~tactically~*~*~ (hiding).
  2323 | D:4      | 2323 ||| Stepping ~*~*~tactically~*~*~ (hiding).
  2324 | D:4      | 2324 ||| Stepping ~*~*~tactically~*~*~ (hiding).
  2433 | D:4      | 2433 ||| Stepping ~*~*~tactically~*~*~ (stealth).
  2446 | D:4      | 2446 ||| Stepping ~*~*~tactically~*~*~ (stealth).
  2452 | D:4      | 2452 ||| Stepping ~*~*~tactically~*~*~ (hiding).
  2455 | D:4      | 2455 ||| Stepping ~*~*~tactically~*~*~ (hiding).
  2456 | D:4      | 2456 ||| Stepping ~*~*~tactically~*~*~ (hiding).
  2485 | D:4      | 2485 ||| Stepping ~*~*~tactically~*~*~ (stealth).
  2486 | D:4      | 2486 ||| Stepping ~*~*~tactically~*~*~ (stealth).
  2487 | D:4      | 2487 ||| Stepping ~*~*~tactically~*~*~ (stealth).
  2490 | D:4      | Found a basalt altar of Yredelemnul.
  2497 | D:4      | Noticed Menkaure
  2498 | D:4      | 2498 ||| Stepping ~*~*~tactically~*~*~ (hiding).
  2512 | D:4      | Killed Menkaure
  2513 | D:4      | Reached skill level 6 in Axes
  2810 | D:4      | Reached XP level 7. HP: 36/43 MP: 7/7
  2963 | D:4      | Found a runed translucent door.
  2963 | D:4      | Noticed qw's ghost (amateur GrFi)
  3016 | D:4      | 3016 ||| UPGRADING to +0 gold dragon scales.
  3026 | D:4      | 3026 ||| DROPPING +0 plate armour.
  3027 | D:4      | 3027 ||| UPGRADING to +0 helmet.
  3032 | D:4      | 3032 ||| DROPPING scroll of immolation.
  3079 | D:5      | Entered Level 5 of the Dungeon
  3080 | D:5      | 3080 ||| PLANNING SEWER
  3207 | D:5      | 3207 ||| DROPPING +0 mace.
  3229 | D:5      | 3229 ||| Stepping ~*~*~tactically~*~*~ (stealth).
  3230 | D:5      | 3230 ||| Stepping ~*~*~tactically~*~*~ (stealth).
  3282 | D:5      | 3282 ||| Stepping ~*~*~tactically~*~*~ (hiding).
  3283 | D:5      | 3283 ||| Stepping ~*~*~tactically~*~*~ (hiding).
  3458 | D:5      | 3458 ||| DRINKING 2 potions of curing.
  3458 | D:5      | 3458 ||| (to cure confusion)
  3507 | D:5      | Noticed Edmund
  3513 | D:5      | HP: 10/43 [Edmund/+1 flail of distortion (6)]
  3513 | D:5      | Slain by Edmund

Levels and vault maps discovered:
D:1:      evilmike_arrival_plus, layout_loops_ring
D:2:      layout_basic
D:3:      layout_rooms
D:4:      layout_loops_ring, mainiacjoe_overflow_boulevard, grunt_gozag_statues,
          ebering_ghost_inner_flame, uniq_menkaure
D:5:      layout_loops_ring, gup_sewer_entry_spiral, uniq_edmund, uniq_sigmund,
          uniq_duvessa

Skill      XL: |  1  2  3  4  5  6  7 |
---------------+----------------------+-----
Axes           | 2 3 4 5 6 |  6.3
Fighting       | 4 |  4.0
Armour         | 4 5 |  5.0
Shields        | |  3.2

Action                     |  1- 3 |  4- 6 |  7- 9 || total
---------------------------+-------+-------+-------++-------
  Melee: War axe           |   107 |   120 |    71 ||   298
  Throw: Boomerang         |       |    26 |    11 ||    37
    Use: Scroll            |     5 |     3 |       ||     8
         Potion            |     1 |       |     1 ||     2
 Armour: Scale mail        |    63 |    57 |       ||   120
         Plate armour      |       |    34 |     4 ||    38
         Gold dragon scale |       |       |    46 ||    46
  Dodge: Dodged            |    54 |    57 |    12 ||   123
  Block: Buckler           |    18 |    27 |    10 ||    55

Table legend:
 A = Non-vault XP
 B = Vault XP
 C = Vault XP percentage of total XP
 D = Non-vault monster count
 E = Vault monster count
 F = Vault count percentage of total count
                 A         B        C        D         E       F
            +---------+---------+-------+---------+---------+-------
      Total |     710 |     175 |  19.8 |      88 |       1 |   1.1
            +---------+---------+-------+---------+---------+-------
        D:1 |      24 |       0 |   0.0 |      13 |       0 |   0.0
        D:2 |      56 |       0 |   0.0 |      16 |       0 |   0.0
        D:3 |      80 |       0 |   0.0 |      24 |       0 |   0.0
        D:4 |     379 |     175 |  31.6 |      23 |       1 |   4.2
        D:5 |     171 |       0 |   0.0 |      12 |       0 |   0.0
            +---------+---------+-------+---------+---------+-------
